 Dungeon Crawl Stone Soup version 0.29.1-12-g30fa7ad0bf (webtiles) character file.

Game seed: 1685656625829605135

2171939 retardedninja the Axe Maniac (level 27, 137/273 HPs)
             Began as a Minotaur Fighter on Jan 17, 2023.
             Was an Initiate of Gozag.
             Escaped with the Orb
             ... and 4 runes!
             The game lasted 02:14:02 (79699 turns).

retardedninja the Axe Maniac (Minotaur Fighter)    Turns: 79699, Time: 02:14:03

Health: 137/273    AC: 53    Str: 40    XL:     27
Magic:  22/22      EV: 20    Int: 13    God:    Gozag
Gold:   3188       SH: 27    Dex: 19    Spells: 26/26 levels left

rFire   . . .      SeeInvis +   Q - +2 broad axe "Woqeexono" {flame, Drain rElec Dex+7 Stlth-}
rCold   + . .      Faith    .   w - +1 tower shield
rNeg    + + +      Spirit   .   U - +5 crystal plate armour
rPois   +          Reflect  .   O - +0 hat of Disguise {rPois Int+4}
rElec   +          Harm     .   P - +2 cloak {Will+}
rCorr   .          Rampage  ∞   X - +2 pair of gloves {infuse}
Will    ++++.                   j - +3 pair of seven-league boots {Rampage+∞}
Stlth   ..........              A - amulet "Vyukhode" {rF+ rN+++ Will+ Regen+ Dex-2}
HPRegen 0.00/turn               q - ring "Zitsoir" {Ice Str+7 Int+4 Dex+2 Slay+2}
MPRegen 0.18/turn               E - ring "Ticlai Rios" {rN+ AC+4 Slay+3}

@: inhibited regen, wreathed by umbra, studying Throwing
A: horns 2, retaliatory headbutt, see invisible, inhibited regeneration
0: Orb of Zot
}: 4/15 runes: barnacled, slimy, silver, gossamer
a: Renounce Religion, Potion Petition, Call Merchant, Bribe Branch


You escaped.
You worshipped Gozag.
Gozag was most pleased with you.
You visited 13 branches of the dungeon, and saw 57 of its levels.
You visited the Abyss 1 time.
You also visited: Gauntlet.

You collected 33646 gold pieces.
You spent 6113 gold pieces at shops.
You paid 24345 gold pieces to Gozag.

Inventory:

Hand Weapons
 Q - the +2 broad axe "Woqeexono" (weapon) {flame, Drain rElec Dex+7 Stlth-}
   (You took it off a minotaur in a Gauntlet)

   It burns those it strikes, dealing additional fire damage.
   Big, fiery blades are also staple armaments of hydra-hunters.
   Dex:       It affects your dexterity (+7).
   rElec:     It insulates you from electricity.
   Drain:     It drains your maximum health when unequipped.
   Stlth:     It makes you less stealthy.
Missiles
 R - 11 javelins
 Z - 2 throwing nets
Armour
 j - the +3 pair of seven-league boots (worn) {Rampage+∞}
   (You acquired it on level 9 of the Dungeon)

   Its wearer moves as far as possible in that direction when moving towards
   enemies.
 w - a +1 tower shield (worn)
 O - the +0 hat of Disguise (worn) {rPois Int+4}
   (You found it in a Gauntlet)

   Int:       It affects your intelligence (+4).
   rPois:     It protects you from poison.
 P - a +2 cloak of willpower (worn)
 U - a +5 crystal plate armour (worn)
 X - a +2 pair of gloves of infusion (worn)
Jewellery
 q - the ring "Zitsoir" (left hand) {Ice Str+7 Int+4 Dex+2 Slay+2}
   (You found it on level 2 of the Dungeon)

   [ring of ice]

   It enhances your ice magic.
   Str:       It affects your strength (+7).
   Int:       It affects your intelligence (+4).
   Dex:       It affects your dexterity (+2).
   Slay:      It affects your accuracy & damage with ranged weapons and melee
   (+2).
   rF:        It makes you vulnerable to fire.
   rC:        It protects you from cold.
 y - an amulet of the acrobat
 A - the amulet "Vyukhode" (around neck) {rF+ rN+++ Will+ Regen+ Dex-2}
   (You found it on level 4 of the Dungeon)

   [amulet of regeneration]

   Dex:       It affects your dexterity (-2).
   rF:        It protects you from fire.
   rN:        It renders you almost immune to negative energy.
   Regen:     It increases your rate of health regeneration.
   Will:      It increases your willpower.
 E - the ring "Ticlai Rios" (right hand) {rN+ AC+4 Slay+3}
   (You bought it in a shop on level 9 of the Dungeon)

   [ring of protection]

   AC:        It affects your AC (+4).
   Slay:      It affects your accuracy & damage with ranged weapons and melee
   (+3).
   rN:        It protects you from negative energy.
 F - a +6 ring of dexterity
 V - a +6 ring of intelligence
 Y - a +6 ring of dexterity
Wands
 a - a wand of polymorph (10)
 b - a wand of iceblast (58)
 e - a wand of charming (42)
 r - a wand of quicksilver (31)
 D - a wand of mindburst (45)
 I - a wand of digging (29)
 S - a wand of flame (84)
Scrolls
 c - 13 scrolls of poison
 k - 12 scrolls of teleportation
 l - 13 scrolls of fog
 s - 7 scrolls of immolation
 v - 13 scrolls of amnesia
 B - 10 scrolls of fear
 K - 4 scrolls of silence
Potions
 d - 19 potions of curing
 f - 2 potions of lignification
 g - 9 potions of flight
 h - 12 potions of mutation
 i - 5 potions of resistance
 m - 8 potions of magic
 o - 5 potions of cancellation
 u - 14 potions of ambrosia
 z - 9 potions of brilliance
 T - 3 potions of might
Miscellaneous
 n - a phial of floods
 t - a phantom mirror (inert)
 x - a tin of tremorstones (2/2)
 C - a piece from Xom's chessboard (15/15)
 H - the horn of Geryon
 J - a lightning rod (4/4) (quivered)
 M - a box of beasts
 W - a condenser vane


   Skills:
 O Level 27 Fighting
 O Level 27 Axes
 O Level 27 Armour
 + Level 19.5 Dodging
 O Level 27 Shields
 + Level 18.6 Evocations


You had 26 spell levels left.
You didn't know any spells.
Your spell library contained the following spells:

 Spells                   Type           Power      Damage    Failure   Level
 Apportation              Tloc           0%         N/A       73%         1
 Beastly Appendage        Tmut           0%         N/A       73%         1
 Magic Dart               Conj           0%         1d3       73%         1
 Necrotise                Necr           0%         1d4       73%         1
 Sandblast                Erth           0%         2d4       73%         1
 Shock                    Conj/Air       0%         1d3       73%         1
 Sting                    Tmut/Pois      0%         1d3       73%         1
 Summon Small Mammal      Summ           0%         N/A       73%         1
 Blink                    Tloc           0%         N/A       86%         2
 Call Imp                 Summ           0%         N/A       86%         2
 Ensorcelled Hibernation  Hex/Ice        0%         N/A       86%         2
 Passwall                 Tmut/Erth      0%         N/A       86%         2
 Poisonous Vapours        Pois/Air       0%         N/A       86%         2
 Scorch                   Fire           0%         2d5       86%         2
 Searing Ray              Conj           0%         2d4       86%         2
 Static Discharge         Conj/Air       0%         3-3/arc   86%         2
 Sublimation of Blood     Necr           0%         N/A       86%         2
 Wereblood                Tmut           0%         N/A       86%         2
 Call Canine Familiar     Summ           0%         N/A       97%         3
 Conjure Flame            Conj/Fire      0%         6-21      97%         3
 Dazzling Flash           Conj/Hex       0%         N/A       97%         3
 Ignite Poison            Fire/Tmut/Pois 0%         N/A       97%         3
 Inner Flame              Hex/Fire       0%         N/A       97%         3
 Lesser Beckoning         Tloc           0%         N/A       97%         3
 Mephitic Cloud           Conj/Pois/Air  0%         N/A       97%         3
 Ozocubu's Armour         Ice            0%         N/A       97%         3
 Portal Projectile        Hex/Tloc       0%         N/A       97%         3
 Spider Form              Tmut/Pois      0%         N/A       97%         3
 Stone Arrow              Conj/Erth      0%         3d7       97%         3
 Summon Guardian Golem    Hex/Summ       0%         N/A       97%         3
 Swiftness                Air            0%         N/A       97%         3
 Tukima's Dance           Hex            0%         N/A       97%         3
 Airstrike                Air            0%         2d(0-16)  100%        4
 Anguish                  Hex/Necr       0%         N/A       100%        4
 Animate Armour           Summ/Erth      0%         N/A       100%        4
 Cause Fear               Hex            0%         N/A       100%        4
 Dispel Undead            Necr           0%         3d6       100%        4
 Flame Wave               Conj/Fire      0%         2d4       100%        4
 Fulminant Prism          Conj/Hex       0%         3d6       100%        4
 Hailstorm                Conj/Ice       0%         3d3       100%        4
 Ice Form                 Ice/Tmut       0%         N/A       100%        4
 Iskenderun's Mystic Bla  Conj/Tloc      0%         2d3       100%        4
 Leda's Liquefaction      Hex/Erth       0%         N/A       100%        4
 Olgreb's Toxic Radiance  Pois           0%         N/A       100%        4
 Passage of Golubria      Tloc           0%         N/A       100%        4
 Sticky Flame             Conj/Fire      0%         2d3       100%        4
 Summon Ice Beast         Ice/Summ       0%         N/A       100%        4
 Summon Lightning Spire   Summ/Air       0%         N/A       100%        4
 Alistair's Intoxication  Tmut/Pois      0%         N/A       100%        5
 Blade Hands              Tmut           0%         N/A       100%        5
 Borgnjor's Vile Clutch   Necr/Erth      0%         N/A       100%        5
 Fireball                 Conj/Fire      0%         3d3       100%        5
 Iskenderun's Battlesphe  Conj           0%         2d6       100%        5
 Lee's Rapid Deconstruct  Erth           0%         3d5*      100%        5
 Lightning Bolt           Conj/Air       0%         1d11      100%        5
 Manifold Assault         Tloc           0%         N/A       100%        5
 Summon Forest            Summ/Tloc      0%         N/A       100%        5
 Summon Mana Viper        Hex/Summ       0%         N/A       100%        5
 Yara's Violent Unravell  Hex/Tmut       0%         3d3       100%        5
 Conjure Ball Lightning   Conj/Air       0%         3x3d6     100%        6
 Death Channel            Necr           0%         N/A       100%        6
 Iron Shot                Conj/Erth      0%         9d1       100%        6
 Starburst                Conj/Fire      0%         6d3       100%        6
 Statue Form              Tmut/Erth      0%         N/A       100%        6
 Summon Cactus Giant      Summ           0%         N/A       100%        6
 Dragon Form              Tmut           0%         N/A       100%        7
 Enfeeble                 Hex            0%         N/A       100%        7
 Haunt                    Necr/Summ      0%         N/A       100%        7
 Malign Gateway           Summ/Tloc      0%         N/A       100%        7
 Orb of Destruction       Conj           0%         9d5       100%        7
 Ozocubu's Refrigeration  Ice            0%         4d7       100%        7
 Spellforged Servitor     Conj/Summ      0%         N/A       100%        7
 Summon Hydra             Summ           0%         N/A       100%        7
 Discord                  Hex            0%         N/A       100%        8
 Disjunction              Tloc           0%         N/A       100%        8
 Ignition                 Fire           0%         3d3       100%        8
 Infestation              Necr           0%         N/A       100%        8
 Chain Lightning          Conj/Air       0%         N/A       100%        9
 Death's Door             Necr           0%         N/A       100%        9
 Animate Dead             Necr           Unusable   N/A       N/A         4
 Corpse Rot               Necr/Pois/Air  Unusable   N/A       N/A         4
 Simulacrum               Ice/Necr       Unusable   N/A       N/A         6

Dungeon Overview and Level Annotations

Branches:
Dungeon (15/15)            Temple (1/1) D:5            Lair (5/5) D:10
 Shoals (4/4) Lair:2       Spider (4/4) Lair:2        Slime (5/5) Lair:5
    Orc (2/2) D:9             Elf (3/3) Orc:2        Vaults (5/5) D:13
  Crypt (3/3) Vaults:2       Tomb (0/3) Crypt:3      Depths (4/4) D:15
   Hell (visited)             Dis (0/7) Hell            Geh (0/7) Hell
    Coc (0/7) Hell            Tar (0/7) Hell            Zot (5/5) Depths:4
Gauntlet (visited)

Altars:
Ashenzari
Cheibriados
Dithmenos
Elyvilon
Fedhas
Gozag
Hepliaklqana
Kikubaaqudgha
Makhleb
Nemelex Xobeh
Okawaru
Qazlal
Ru
Sif Muna
Trog
Uskayaw
Vehumet
Wu Jian
Xom
Yredelemnul
Zin
The Shining One
Jiyva

Shops:
D:4 :   D:9 =   Orc:2 [=[?=   Elf:1 [[   Shoals:4 *(   Spider:1 [*[
Vaults:2 =   Vaults:4 (   Zot:1 ?   Zot:2 ?

Portals:
Hell: Depths:1 Depths:2 Depths:3 Depths:4
Abyss: Depths:3
Pandemonium: Depths:2
Ziggurat: Depths:4
Trove: D:14 (give +6 demon blade)

Annotations:
D:6 3 runed translucent doors, Loveship's ghost, novice FoAM
Lair:3 3 runed translucent doors, RapScallion's ghost, journeyman HuFi
Spider:1 2 transporters
Spider:3 3 runed translucent doors, Cumomo's ghost, adept SpEn
Vaults:2 2 transporters, exclusion: orange crystal statue


Innate Abilities, Weirdness & Mutations

You have a pair of horns on your head.
You reflexively headbutt those who attack you in melee.
You have supernaturally acute eyesight. (SInv)
You do not regenerate when monsters are visible.


Message History

The profane servitor hits you but does no damage.
You block the profane servitor's attack.
A chaos spawn comes into view.
You feel sick.
You block the profane servitor's attack. x2
The chaos spawn moves out of view.
You feel sick.
You block the profane servitor's attack. x2
You feel sick. You block the Ice Fiend's attack.
The Ice Fiend barely misses you.
The profane servitor closely misses you.
You block the profane servitor's attack.
You feel sick.
The profane servitor hits you but does no damage.
The profane servitor hits you with a +2 demon whip of venom.
The Ice Fiend gestures at you.
The bolt of cold hits you but does no damage.
You feel sick. The Ice Fiend closely misses you. You furiously retaliate!
You headbutt the Ice Fiend!! You block the Ice Fiend's attack.
You block the profane servitor's attack.
The profane servitor hits you but does no damage.
A large abomination comes into view.
The Ice Fiend attacks as you move away! The Ice Fiend barely misses you.
You furiously retaliate!
You headbutt the Ice Fiend! You block the Ice Fiend's attack.
An Executioner comes into view.
You feel sick.
You are no longer poisoned.
The Executioner gives a hideous shriek!
You block the profane servitor's attack. x3
The profane servitor closely misses you.
The Ice Fiend calls on the powers of darkness!
Your body is wracked with pain!
There is a staircase leading out of the dungeon here.
Unknown command.
You are engulfed in a cloud of scalding steam.
The profane servitor misses you. You furiously retaliate!
You headbutt the profane servitor!!
You block the profane servitor's attack.
You have escaped!

#≈.#.#.###.≈§§≈.######...#..
#####≈.#.#.#..§§.§§......###.#..
##...#≈.#.#.#§§§§.#########...)..
.....#≈.#.#..§§§.§§§.§....#.#.#..
.....§≈.§.#.≈≈≈X≈≈§≈≈§###.#.#.#..
....§§§≈§.#.≈...§§§§§.§.#.#.#.#..
...##.#.≈.#.§1§≈≈.≈.§≈§§###.#.#..
...##.#§≈...§..§..≈...≈§§.#.#.##.
...##.#§≈≈≈.≈≈≈.@.§≈≈§§§§§#.#....
......#...≈..4§.1A..§.§.§§#.###..
#########.≈≈≈.≈.§≈≈.§.#.§.#.# #..
##### #.#...≈...≈.§§≈§#.≈≈≈.# #..
....# #.###.≈≈≈≈≈§≈≈§§#...≈.# #..
###.# #...........§§..#.#.§.###..
###.###########.≈≈≈.#.#.#.≈.##'..
.....##........§§...#.#.#.≈.###..
.....#######.≈≈≈≈.###.#.#.≈......


You could see a profane servitor, an Ice Fiend, an Executioner, a large
abomination and a chaos spawn.

Vanquished Creatures
  2 pandemonium lords
  the Royal Jelly (Slime:5)
  2 orbs of fire (Zot:5)
  Mara (Depths:1)
  2 juggernauts
  Josephina (Crypt:2)
  A Killer Klown (Zot:5)
  3 curse toes
  Saint Roka (Crypt:3)
  4 golden dragons
  A caustic shrike (Depths:2)
  Geryon (Hell)
  The ghost of Lostrilo the Warrior, an adept DrTm of Vehumet (Depths:4)
  A profane servitor (Crypt:3)
  6 bone dragons
  3 electric golems
  2 Brimstone Fiends
  A hellephant (Hell)
  A Tzitzimitl (Zot:4)
  2 doom hounds
  Mlioglotl (Shoals:4)
  9 tentacled monstrosities
  2 walking crystal tomes
  12 Orb Guardians
  4 titans
  2 walking frostbound tomes (Depths:1)
  Grunn (Zot:4)
  2 walking divine tomes (Depths:1)
  7 liches
  A tentacled starspawn (Abyss:3)
  5 quicksilver dragons
  2 Executioners (Depths:3)
  15 acid blobs
  8 sphinxes
  Gastronok (Lair:3)
  3 death cobs
  12 ancient champions
  11 shadow dragons
  Murray (Depths:2)
  11 azure jellies
  6 tengu reavers
  3 draconian monks (Zot:3)
  Ilsuiw (Shoals:2)
  3 revenants (Crypt:3)
  7 draconian knights
  2 narguns (Depths:1)
  8 storm dragons
  3 draconian scorchers
  12 frost giants
  3 orc warlords
  4 deep elf sorcerers
  14 vault wardens
  Louise (Shoals:1)
  7 rockslimes
  9 fire giants
  3 cacodemons
  2 iron dragons (Hell)
  9 emperor scorpions
  2 deep elf elementalists
  2 balrugs
  3 draconian shifters
  4 angels
  11 ghost moths
  2 caustic shrike zombies
  2 curse skulls
  3 draconian stormcallers
  8 ghouls
  3 draconian annihilators
  6 reapers
  2 spriggan defenders
  9 quicksilver oozes
  A caustic shrike skeleton (Depths:3)
  16 very ugly things
  18 stone giants
  14 vampire knights
  4 war gargoyles
  2 broodmothers
  7 ironbound thunderhulks
  A demonspawn black sun (Zot:3)
  20 ironbound preservers
  A juggernaut skeleton (Depths:3)
  4 green draconians
  A starcursed mass (Abyss:3)
  10 black draconians
  5 purple draconians
  3 putrid mouths
  5 deep elf annihilators
  A minotaur (Gauntlet)
  9 white draconians
  5 entropy weavers
  8 yellow draconians
  4 red draconians
  9 deep elf demonologists
  12 dire elephants
  3 blizzard demons
  9 eidola
  12 spark wasps
  8 deep elf death magi
  10 merfolk impalers
  27 jiangshi
  Snorg (Orc:1)
  2 green deaths (Hell)
  8 fire dragons
  8 ettins
  A quicksilver dragon zombie (Crypt:3)
  7 merfolk javelineers
  17 yaktaur captains
  A kraken zombie (Hell)
  10 great orbs of eyes
  2 spriggan zombies (Crypt:3)
  A peacekeeper (Vaults:1)
  3 rakshasas
  32 vault guards
  6 ice dragons
  6 boulder beetles
  4 deep elf high priests
  7 hydras
  3 spriggan air magi
  5 catoblepae
  17 centaur warriors
  A jorogumo (Spider:1)
  5 merfolk avatars
  3 radroaches
  5 ogre magi
  2 spriggan skeletons
  11 two-headed ogres
  A merfolk aquamancer (Shoals:4)
  8 ironbound frosthearts
  35 dancing weapons
  2 alligator snapping turtles (Shoals:4)
  9 deep troll earth magi
  A death knight (Crypt:2)
  A satyr (Shoals:4)
  14 vampire magi
  4 tengu warriors
  5 deep troll shamans
  An Orb Guardian skeleton (Crypt:2)
  4 hell hogs (Hell)
  Urug (D:10)
  2 orc high priests
  15 death yaks
  11 deep elf knights
  3 thrashing horrors
  A quicksilver ooze zombie (Crypt:1)
  4 spriggan berserkers
  Sonja (Lair:2)
  13 hell knights
  8 soul eaters
  10 sun demons
  A titan skeleton (Depths:3)
  2 iron trolls
  3 shadow wraiths
  An entropy weaver zombie (Crypt:1)
  3 sixfirhies
  A sun moth (Spider:4)
  9 pharaoh ants
  A cherub (D:12)
  2 glowing orange brains
  12 orb spiders
  28 skeletal warriors
  A spark wasp zombie (Crypt:2)
  A storm dragon skeleton (Crypt:3)
  73 deep trolls
  6 steelbarb worms
  2 anaconda zombies (Hell)
  12 flayed ghosts
  9 sea snakes
  16 ironbound convokers
  2 bog bodies (Crypt:1)
  9 lindwurms
  4 wizards
  8 harpies
  6 orc knights
  A swamp dragon (shapeshifter) (Depths:4)
  17 deep elf zephyrmancers
  12 necromancers
  9 deep elf archers
  7 phantasmal warriors
  34 ugly things
  An oklob plant (Lair:3)
  18 wolf spiders
  20 deep elf pyromancers
  2 orc sorcerers
  A shining eye (Slime:4)
  6 fauns
  9 cyclopes
  A frost giant zombie (Crypt:3)
  17 moths of wrath
  16 manticores
  An iron dragon skeleton (Depths:3)
  A frost giant skeleton (Crypt:3)
  2 black mambas
  10 merfolk sirens
  48 elephants
  A jorogumo skeleton (Crypt:3)
  An eye of devastation (Slime:3)
  9 rust devils
  An elephant (shapeshifter) (Depths:2)
  2 orange demons
  An ice statue (Hell)
  9 torpor snails
  16 vault sentinels
  A titan simulacrum (Crypt:2)
  9 cane toads
  2 eyes of devastation (shapeshifter)
  4 water nymphs (Shoals:4)
  8 demonic crawlers
  Maggie (D:6)
  5 smoke demons
  A green draconian zombie (Crypt:3)
  An unseen horror (D:13)
  2 rime drakes
  A hellion (Hell)
  9 komodo dragons
  4 kobold demonologists
  A sea snake zombie (Hell)
  An efreet (D:15)
  37 yaktaurs
  A spark wasp simulacrum (Depths:3)
  4 tormentors
  9 freezing wraiths
  8 tengu conjurers
  A grey draconian skeleton (Crypt:1)
  2 meliai (shapeshifter)
  2 red devils
  An ancient zyme (Abyss:3)
  36 merfolk
  18 meliai
  2 sea snake skeletons
  3 polar bears
  A troll (shapeshifter) (D:13)
  A harpy skeleton (Crypt:2)
  5 hornets
  A hydra zombie (Hell)
  28 tarantellas
  A hornet (shapeshifter) (D:14)
  18 trolls
  10 wind drakes
  100 slime creatures
  5 blink frogs
  A slime creature (shapeshifter) (Vaults:5)
  2 raiju (Abyss:3)
  8 snapping turtles
  2 alligator zombies (Hell)
  3 dream sheep (Shoals:2)
  4 large abominations
  A great orb of eyes zombie (Crypt:1)
  6 flying skulls (Crypt:2)
  25 culicivoras
  An air elemental (Elf:1)
  A centaur simulacrum (Crypt:3)
  A shadow (D:10)
  32 jumping spiders
  2 yaks (shapeshifter) (D:13)
  3 vampires
  14 water elementals
  An alligator skeleton (Hell)
  14 wraiths
  A fire elemental (Elf:2)
  59 yaks
  6 fire bats (D:12)
  A naga simulacrum (Crypt:2)
  6 wyverns
  6 basilisks
  A redback (shapeshifter) (Vaults:5)
  A black mamba skeleton (Crypt:3)
  59 redbacks
  9 vampire mosquitoes
  5 golden eyes (Slime:5)
  4 wargs (Orc:2)
  3 harpy simulacra
  A swamp worm (shapeshifter) (Vaults:4)
  A two-headed ogre zombie (Crypt:2)
  4 acid dragons
  21 water moccasins
  2 floating eyes (shapeshifter)
  3 floating eyes
  6 hell hounds
  A small abomination (Abyss:3)
  34 orc warriors
  A sky beast (shapeshifter) (Vaults:3)
  A sky beast (D:7)
  2 ice beasts
  A manticore zombie (Crypt:3)
  An ettin simulacrum (Crypt:3)
  7 black bears
  18 wolves
  29 ogres
  9 centaurs
  A centaur (shapeshifter) (Elf:2)
  4 phantoms
  5 kobold brigands
  2 earth elementals
  An elf zombie (Elf:1)
  A gnoll sergeant (D:9)
  13 bullfrogs
  A salamander zombie (Crypt:1)
  A scorpion (D:5)
  4 necrophages
  A draconian skeleton (Crypt:2)
  A glowing shapeshifter simulacrum (Depths:3)
  A wyvern skeleton (Crypt:2)
  8 wights
  A troll zombie (Crypt:3)
  3 electric eels
  3 howler monkeys (D:9)
  A quasit (D:8)
  8 hounds
  15 jellies
  15 orc priests
  3 iguanas
  15 orc wizards
  6 hell rats
  A deep dwarf skeleton (Crypt:2)
  Robin (D:2)
  9 adders
  3 gnolls (D:9)
  2 shadow imps (D:8)
  A swamp drake skeleton (Crypt:2)
  7 white imps
  3 ufetubi
  An adder skeleton (Crypt:3)
  3 worms
  3 dart slugs
  84 orcs
  43 bats
  A bat skeleton (Crypt:1)
  An endoplasm (shapeshifter) (Vaults:5)
  8 endoplasms
  2 giant cockroaches
  15 goblins
  12 hobgoblins
  7 jackals
  28 kobolds
  3 quokkas
  10 ball pythons
  7 frilled lizards
  A quokka skeleton (Crypt:1)
  8 rats
  3 fire vortices (Hell)
  2 plants
  3 starspawn tentacles (Abyss:3)
  3 tentacles (Hell)
  A withered plant (Shoals:2)
2495 creatures vanquished.

Vanquished Creatures (collateral kills)
  A dread lich (Zot:5)
  3 Killer Klowns (Zot:5)
  A curse toe (Zot:2)
  A doom hound (Zot:4)
  2 bone dragons (Abyss:3)
  An electric golem (Zot:5)
  14 Orb Guardians (Zot:5)
  7 tentacled monstrosities
  2 quicksilver dragons
  A death cob (Zot:5)
  5 storm dragons
  4 draconian knights
  3 draconian monks
  A revenant (Abyss:3)
  3 draconian scorchers
  A vault warden (Vaults:5)
  5 draconian shifters
  2 draconian stormcallers
  4 draconian annihilators
  A stone giant (Shoals:1)
  4 green draconians
  9 yellow draconians
  9 white draconians
  7 black draconians
  3 purple draconians
  10 red draconians
  2 vault guards (Vaults:5)
  A sea snake (Shoals:1)
  A deep elf zephyrmancer (Elf:3)
  6 cyclopes (Shoals:1)
  8 moths of wrath
  An ice devil (Zot:5)
  An ancient zyme (Abyss:3)
  A tarantella (Spider:2)
  A raiju (Abyss:3)
  A jumping spider (Spider:2)
  A redback (Spider:2)
  A chaos spawn (Abyss:3)
  A neqoxec (Abyss:3)
130 creatures vanquished.

Vanquished Creatures (others)
  Tiamat (Zot:5)
  An ancient lich (Zot:5)
  A curse toe (Zot:4)
  2 tentacled monstrosities (Zot:3)
  3 Orb Guardians (Zot:5)
  A deep elf master archer (Elf:3)
  A quicksilver dragon (Zot:1)
  2 draconian monks
  2 deep elf sorcerers (Elf:3)
  A draconian knight (Zot:4)
  5 draconian scorchers
  2 draconian stormcallers (Zot:4)
  2 deep elf elementalists (Elf:3)
  2 draconian shifters
  2 draconian annihilators
  4 green draconians
  7 black draconians
  A deep elf annihilator (Elf:3)
  3 yellow draconians
  4 red draconians
  3 purple draconians
  2 white draconians (Zot:3)
  2 deep elf death magi (Elf:3)
  A fire dragon (Depths:3)
  A deep elf high priest (Elf:3)
  A flayed ghost (Crypt:2)
  3 deep elf zephyrmancers (Elf:3)
  A wizard (D:8)
  2 moths of wrath
  A jumping spider (Spider:4)
  A hell rat (Hell)
  A goblin (D:4)
  28 fungi
  127 plants
  13 starspawn tentacles (Abyss:3)
  A tentacle (Hell)
235 creatures vanquished.

Grand Total: 2860 creatures vanquished

Notes
Turn   | Place    | Note
-------+----------+-------------------------------------------
     0 | D:1      | retardedninja the Minotaur Fighter began the quest for the
                  | Orb.
     0 | D:1      | Reached XP level 1. HP: 19/19 MP: 0/0
    80 | D:1      | Found a faded altar of an unknown god.
   101 | D:1      | Reached XP level 2. HP: 24/27 MP: 1/1
  1035 | D:2      | Reached XP level 3. HP: 29/33 MP: 2/2
  1397 | D:2      | Identified the ring "Zitsoir" {Ice Str+7 Int+4 Dex+2
                  | Slay+2}
  1478 | D:2      | Noticed Robin
  1489 | D:2      | Killed Robin
  1490 | D:2      | Reached XP level 4. HP: 35/40 MP: 3/3
  2453 | D:3      | Reached XP level 5. HP: 47/47 MP: 4/4
  2922 | D:4      | You fall into a shaft and drop 2 floors!
  2932 | D:6      | Noticed a phantom
  2933 | D:6      | Noticed Maggie
  2934 | D:6      | Noticed a phantom
  2934 | D:6      | Noticed an ice beast
  2944 | D:6      | Reached skill level 5 in Fighting
  2944 | D:6      | Reached skill level 5 in Armour
  2944 | D:6      | Reached skill level 5 in Shields
  3037 | D:5      | Entered Level 5 of the Dungeon
  3049 | D:5      | Found a staircase to the Ecumenical Temple.
  3051 | D:5      | Reached XP level 6. HP: 56/56 MP: 5/5
  3061 | Temple   | Entered the Ecumenical Temple
  3372 | D:4      | Found Qiem's Self-Improvement Boutique.
  3690 | D:4      | Reached skill level 5 in Axes
  3690 | D:4      | Reached XP level 7. HP: 57/62 MP: 6/6
  3813 | D:4      | Identified the amulet "Vyukhode" {rF+ rN+++ Will+ Regen+
                  | Dex-2}
  4307 | D:5      | Found an opulent altar of Gozag.
  4307 | D:5      | Found a glowing golden altar of the Shining One.
  4352 | D:5      | Became a worshipper of Gozag Ym Sagoz the Greedy
  4459 | D:5      | Found a shimmering blue altar of Sif Muna.
  4581 | D:5      | Identified a scroll of acquirement
  4581 | D:5      | Acquired a manual of Axes
  4622 | D:6      | Found a basalt altar of Yredelemnul.
  4623 | D:6      | Found a broken altar of Ashenzari.
  4728 | D:6      | Reached XP level 8. HP: 69/71 MP: 7/7
  4735 | D:6      | Noticed Loveship's ghost (novice FoAM)
  4762 | D:6      | Found a runed translucent gate.
  4762 | D:6      | Found a runed translucent gate.
  4762 | D:6      | Found a runed translucent gate.
  4816 | D:6      | Killed Maggie
  5620 | D:7      | Found an ancient bone altar of Kikubaaqudgha.
  5726 | D:7      | Reached skill level 10 in Axes
  5735 | D:7      | Noticed a two-headed ogre
  5746 | D:7      | Killed a two-headed ogre
  5747 | D:7      | Reached XP level 9. HP: 56/81 MP: 8/8
  6225 | D:7      | Found a sparkling altar of Nemelex Xobeh.
  6377 | D:7      | Found a faded altar of an unknown god.
  6377 | D:7      | Found a faded altar of an unknown god.
  6377 | D:7      | Found a hazy altar of Hepliaklqana.
  6518 | D:8      | Found a snail-covered altar of Cheibriados.
  6621 | D:8      | Found a radiant altar of Vehumet.
  6953 | D:8      | Found a bloodstained altar of Trog.
  6954 | D:8      | Noticed a wizard
  6961 | D:8      | Killed a wizard
  7068 | D:9      | Noticed a kobold demonologist
  7068 | D:9      | Noticed a kobold demonologist
  7069 | D:9      | Noticed a komodo dragon
  7073 | D:9      | Noticed a troll
  7075 | D:9      | Killed a kobold demonologist
  7078 | D:9      | Noticed a sixfirhy
  7078 | D:9      | Killed a kobold demonologist
  7341 | D:9      | Killed a komodo dragon
  7347 | D:9      | Reached XP level 10. HP: 61/90 MP: 9/9
  7486 | D:9      | Found Goqeham's Jewellery Boutique.
  7616 | D:9      | Found a staircase to the Orcish Mines.
  7852 | D:9      | Acquired the +3 pair of seven-league boots {Rampage+∞}
  7852 | D:9      | Found the +3 pair of seven-league boots {Rampage+∞}
  7985 | D:9      | Bought the ring "Ticlai Rios" {rN+ AC+4 Slay+3} for 837
                  | gold pieces
  8413 | D:9      | Reached skill level 15 in Axes
  8419 | D:9      | Noticed a smoke demon
  9158 | D:10     | Entered Level 10 of the Dungeon
  9160 | D:10     | Reached skill level 10 in Fighting
  9160 | D:10     | Reached skill level 10 in Shields
  9164 | D:10     | Reached skill level 10 in Armour
  9169 | D:10     | Reached XP level 11. HP: 90/99 MP: 10/10
  9207 | D:10     | Found a staircase to the Lair.
  9223 | D:10     | Noticed Urug
  9229 | D:10     | Killed Urug
  9426 | D:10     | Noticed a purple ugly thing
  9435 | D:10     | Killed a purple ugly thing
  9760 | D:10     | Found the +0 staff of Battle
  9853 | D:11     | Noticed a green ugly thing
  9863 | D:11     | Killed a green ugly thing
 10093 | D:11     | Noticed a boulder beetle
 10096 | D:11     | Noticed a two-headed ogre
 10104 | D:11     | Killed a two-headed ogre
 10108 | D:11     | Killed a boulder beetle
 10109 | D:11     | Reached XP level 12. HP: 49/110 MP: 11/11
 10682 | Lair:1   | Entered Level 1 of the Lair of Beasts
 10805 | Lair:1   | Found a gate leading to a gauntlet.
 10819 | Gauntlet | Entered a Gauntlet
 10819 | Gauntlet | Found a transporter.
 10819 | Gauntlet | Found a transporter.
 10823 | Gauntlet | Found a transporter.
 10823 | Gauntlet | Found a transporter.
 10826 | Gauntlet | Found a transporter.
 10850 | Gauntlet | Found a transporter.
 10859 | Gauntlet | Found a transporter.
 10876 | Gauntlet | Found a runed translucent door.
 10895 | Gauntlet | Found a transporter.
 10898 | Gauntlet | Found a transporter.
 10898 | Gauntlet | Found a transporter.
 10909 | Gauntlet | Noticed a great orb of eyes
 10912 | Gauntlet | Found a transporter.
 10928 | Gauntlet | Found a transporter.
 10938 | Gauntlet | Found a transporter.
 10954 | Gauntlet | Found a transporter.
 11205 | Gauntlet | Identified the ring of Doubts {rF- Will+ rCorr SInv}
 11251 | Gauntlet | Killed a great orb of eyes
 11296 | Gauntlet | Identified the +0 hat of Disguise {rPois Int+4}
 11299 | Gauntlet | Got the Incunabulum of Ozone and Reformation
 11341 | Gauntlet | Identified the +2 broad axe "Woqeexono" {flame, Drain rElec
                  | Dex+7 Stlth-}
 11341 | Gauntlet | Noticed a minotaur
 11349 | Gauntlet | Killed a minotaur
 11393 | Gauntlet | Got the Precepts of the Allied Quarry
 12238 | Lair:2   | Found a hole to the Spider Nest.
 12380 | Lair:2   | Noticed an eight-headed hydra
 12386 | Lair:2   | Killed a six-headed hydra
 12898 | Lair:2   | Reached XP level 13. HP: 108/119 MP: 12/12
 12999 | Lair:2   | Noticed Sonja
 13005 | Lair:2   | Killed Sonja
 13059 | Lair:2   | Found a staircase to the Shoals.
 13609 | Lair:3   | Noticed a minotaur
 13612 | Lair:3   | Noticed RapScallion's ghost (journeyman HuFi)
 13626 | Lair:3   | Found a runed translucent gate.
 13626 | Lair:3   | Found a runed translucent gate.
 13626 | Lair:3   | Found a runed translucent gate.
 14293 | Lair:3   | Noticed Gastronok
 14303 | Lair:3   | Killed Gastronok
 14407 | Lair:3   | Found a shadowy altar of Dithmenos.
 15574 | Lair:5   | Entered Level 5 of the Lair of Beasts
 15595 | Lair:5   | Reached XP level 14. HP: 130/130 MP: 13/13
 15857 | Lair:5   | Found a viscous altar of Jiyva.
 15857 | Lair:5   | Found a staircase to the Slime Pits.
 16865 | Orc:1    | Entered Level 1 of the Orcish Mines
 16865 | Orc:1    | Noticed Snorg
 16867 | Orc:1    | Killed Snorg
 16868 | Orc:1    | Reached skill level 15 in Fighting
 16954 | Orc:1    | Reached skill level 15 in Armour
 17048 | Orc:2    | Entered Level 2 of the Orcish Mines
 17049 | Orc:2    | Found the +4 robe of Folly {Brilliance Will-∞ Int+8}
 17062 | Orc:2    | Reached skill level 15 in Shields
 17062 | Orc:2    | Reached XP level 15. HP: 141/141 MP: 14/14
 17282 | Orc:2    | Noticed an orc warlord
 17400 | Orc:2    | Killed an orc warlord
 17687 | Orc:2    | Found Vozule's Jewellery Shoppe.
 17693 | Orc:2    | Found Naerali's Armour Shoppe.
 17696 | Orc:2    | Found Cyixt's Antique Armour Shoppe.
 17701 | Orc:2    | Found Bympia's Magic Scroll Shop.
 17754 | Orc:2    | Found Uckivvuaqa's Jewellery Emporium.
 17758 | Orc:2    | Bought a scroll of enchant weapon for 82 gold pieces
 17758 | Orc:2    | Bought a scroll of enchant weapon for 82 gold pieces
 18000 | Orc:2    | Found a staircase to the Elven Halls.
 18327 | D:12     | Found a glowing silver altar of Zin.
 18340 | D:12     | Found a runed translucent door.
 18347 | D:12     | Found an ancient bone altar of Kikubaaqudgha.
 18366 | D:12     | Found a white marble altar of Elyvilon.
 18405 | D:12     | Found a shadowy altar of Dithmenos.
 18521 | D:12     | Found a shimmering blue altar of Sif Muna.
 18538 | D:12     | Found a sparkling altar of Nemelex Xobeh.
 18897 | D:12     | Identified the ring "Pais" {rElec rN+++ Will+ rCorr Dex-4}
 19276 | D:13     | Found a gate to the Vaults.
 19999 | D:14     | Reached XP level 16. HP: 151/151 MP: 15/15
 20050 | D:14     | Found a portal to a secret trove of treasure.
 20556 | D:15     | Entered Level 15 of the Dungeon
 20559 | D:15     | Found a staircase to the Depths.
 21544 | D:15     | Found an ornate altar of the Wu Jian Council.
 21993 | Shoals:1 | Entered Level 1 of the Shoals
 21993 | Shoals:1 | Noticed Louise
 22326 | Spider:1 | Entered Level 1 of the Spider Nest
 22398 | Spider:1 | Acquired 1183 gold pieces
 22744 | Spider:1 | Found a transporter.
 22746 | Spider:1 | Found a transporter.
 24626 | Spider:1 | Bought a +1 plate armour of poison resistance for 384 gold
                  | pieces
 24641 | Spider:1 | Bought a faintly humming plate armour for 1176 gold pieces
 24641 | Spider:1 | Identified the +0 plate armour of Kegap {rC+ Str+2 Int+4}
                  | (You bought it in a shop on level 1 of the Spider Nest)
 24641 | Spider:1 | Bought a pair of glowing gloves for 315 gold pieces
 25434 | Spider:3 | Found a runed translucent gate.
 25434 | Spider:3 | Found a runed translucent gate.
 25434 | Spider:3 | Noticed Cumomo's ghost (adept SpEn)
 25489 | Spider:3 | Reached XP level 17. HP: 161/161 MP: 1/16
 25598 | Spider:3 | Found a runed translucent gate.
 26806 | Spider:4 | Entered Level 4 of the Spider Nest
 28567 | Spider:4 | Got a gossamer rune of Zot
 29343 | Abyss:2  | Cast into level 2 of the Abyss (Louise)
 29350 | Abyss:2  | Found a corrupted altar of Lugonu.
 29505 | Abyss:3  | Noticed a bone dragon
 29520 | Abyss:3  | Killed a bone dragon
 29571 | Abyss:3  | Noticed a bone dragon
 29572 | Abyss:3  | Gained mutation: You have supernaturally acute eyesight.
                  | (SInv) [a neqoxec]
 29588 | Abyss:3  | Killed a bone dragon
 29625 | Shoals:1 | Escaped the Abyss
 29636 | Shoals:1 | Reached XP level 18. HP: 125/172 MP: 0/17
 29642 | Shoals:1 | Killed Louise
 29832 | Shoals:1 | Identified the +2 leather armour "Coneid" {*Slow rElec
                  | rPois rF+}
 30926 | Shoals:2 | Noticed Ilsuiw
 30982 | Shoals:2 | Killed Ilsuiw
 32469 | Shoals:4 | Entered Level 4 of the Shoals
 32481 | Shoals:4 | Noticed Mlioglotl
 32488 | Shoals:4 | Killed Mlioglotl
 33120 | Shoals:4 | Identified the +1 long sword "Loessump" {drain, Drain
                  | Fragile rF+++ Int+6}
 33166 | Shoals:4 | Found Xietohe's Weapon Emporium.
 33328 | Shoals:4 | Identified the ring of the Albatross {rF+ Will+ Str-2
                  | Dex+2}
 33951 | Shoals:4 | Reached skill level 27 in Axes
 34175 | Shoals:4 | Got a barnacled rune of Zot
 34196 | Shoals:4 | Identified the ring of Tuusodut {EV+4 Int+3}
 34360 | Shoals:4 | Found Ryxzi's Gadget Gallery.
 34733 | Vaults:1 | Entered Level 1 of the Vaults
 35298 | Vaults:1 | Reached XP level 19. HP: 172/183 MP: 0/18
 37544 | Vaults:2 | Found Jaethes's Jewellery Shop.
 37875 | Vaults:2 | Found a glowing silver altar of Zin.
 37875 | Vaults:2 | Found a white marble altar of Elyvilon.
 37881 | Vaults:2 | Found a staircase to the Crypt.
 37908 | Vaults:2 | Found a glowing golden altar of the Shining One.
 38432 | Vaults:2 | Found a transporter.
 38432 | Vaults:2 | Found the +8 lance "Wyrmbane" {slay drac, rPois rF+ rC+
                  | AC+3}
 38449 | Vaults:2 | Found a transporter.
 39637 | Vaults:3 | Reached XP level 20. HP: 198/198 MP: 1/19
 41765 | Vaults:4 | Found Wasefowkiyn's Antique Weapon Shop.
 41934 | Vaults:4 | Reached skill level 1 in Evocations
 43064 | Elf:1    | Entered Level 1 of the Elven Halls
 43077 | Elf:1    | Paralysed by an air elemental for 1 turns
 43241 | Elf:1    | Found Lirinun's Armour Boutique.
 43241 | Elf:1    | Found Osolu's Antique Armour Shop.
 43298 | Elf:1    | Bought a glowing crystal plate armour for 3237 gold pieces
 43327 | Elf:1    | Acquired 887 gold pieces
 44177 | Elf:1    | Got the Directory of the Crypt
 44512 | Elf:2    | Reached XP level 21. HP: 167/211 MP: 13/20
 44926 | Elf:2    | Found a runed translucent gate.
 44927 | Elf:2    | Found a runed translucent gate.
 44927 | Elf:2    | Found a runed translucent gate.
 45665 | Elf:3    | Entered Level 3 of the Elven Halls
 46142 | Elf:3    | Identified the +1 leather armour "Ruwul" {rElec rN+++ rCorr
                  | Dex-4}
 46154 | Elf:3    | Identified the amulet "Viwkimu" {Spirit Fly rElec rF+ rC+}
 46182 | Elf:3    | Got the Monograph on Dislocated Concussion
 46183 | Elf:3    | Identified the +4 scale mail of the Bull {Harm Regen+
                  | Dex-2}
 46188 | Elf:3    | Got Ecketant's Omnibus of Septic Illusion
 46197 | Elf:3    | Identified the +6 dagger "Lyotic" {drain, rCorr MP-9 Int+6
                  | Dex+3}
 46204 | Elf:3    | Got the Almanac of the Wasteland
 46234 | Elf:3    | Identified the ring "Giqics" {rElec rN+}
 46242 | Elf:3    | Identified the +7 halberd "Muruten" {venom, *Slow rF+++
                  | Will+++ rCorr}
 47245 | Vaults:5 | Entered Level 5 of the Vaults
 47269 | Vaults:4 | Reached skill level 5 in Evocations
 48059 | Vaults:5 | Identified the +6 broad axe of Honour {vorpal, rN+ Stlth+}
 48125 | Vaults:5 | Reached XP level 22. HP: 148/224 MP: 5/21
 48310 | Vaults:5 | Identified the +0 steam dragon scales "Zeskebaa" {+Inv}
 48328 | Vaults:5 | Identified the ring of Lugonu, Shifting {rF+ Will+ Str+4}
 48977 | Vaults:5 | Identified the +7 great sword of Iphuamiz {vorpal, rC+
                  | Str+5}
 49126 | Vaults:5 | Got Orosae's Disquisition on Misery and the Summer
 49555 | Vaults:5 | Identified the +1 hat of the Serpent {-Cast rF++ Str+3
                  | SInv}
 49673 | Vaults:5 | Got a silver rune of Zot
 50071 | Crypt:1  | Entered Level 1 of the Crypt
 52619 | Crypt:2  | Identified the ring of Descent {Ice rPois Int+2 Dex+3}
 52619 | Crypt:2  | Noticed Josephina
 52629 | Crypt:2  | Killed Josephina
 53773 | Crypt:3  | Entered Level 3 of the Crypt
 53978 | Crypt:3  | Reached XP level 23. HP: 237/237 MP: 10/22
 54159 | Crypt:3  | Identified the +12 short sword of Premature Burial
                  | {protect, Int+3}
 54296 | Crypt:3  | Found a staircase to the Tomb.
 54513 | Crypt:3  | Noticed a curse toe
 54522 | Crypt:3  | Killed a curse toe
 54555 | Crypt:3  | Found an ancient bone altar of Kikubaaqudgha.
 54685 | Crypt:3  | Found a basalt altar of Yredelemnul.
 55016 | Crypt:2  | Found a basalt altar of Yredelemnul.
 55224 | Crypt:3  | Noticed Saint Roka
 55240 | Crypt:3  | Killed Saint Roka
 55605 | Crypt:3  | Identified the +6 mace of Ash {flame, Str-2 Dex+5 SInv}
 55920 | Depths:1 | Entered Level 1 of the Depths
 55951 | Depths:1 | Paralysed by a floating eye for 4 turns
 55962 | Depths:1 | Reached skill level 27 in Fighting
 56623 | Depths:1 | Noticed Mara
 56636 | Depths:1 | Killed Mara
 56637 | Depths:1 | Reached skill level 10 in Evocations
 57236 | Depths:1 | Found a gateway to Hell.
 57465 | Depths:1 | Identified the +7 demon blade "Qaweoscho" {flame, rElec
                  | rPois rC+}
 58566 | Depths:2 | You fall into a shaft and drop 2 floors!
 58566 | Depths:4 | Entered Level 4 of the Depths
 58573 | Depths:4 | Found a one-way gateway to a ziggurat.
 58647 | Depths:4 | Found a runed translucent door.
 58648 | Depths:4 | Noticed Lostrilo's ghost (adept DrTm)
 58687 | Depths:4 | Killed Lostrilo's ghost
 59076 | Depths:3 | Reached XP level 24. HP: 240/249 MP: 3/22
 59565 | Depths:3 | Found a one-way gate to the infinite horrors of the Abyss.
 60469 | Depths:2 | Found a one-way gate leading to the halls of Pandemonium.
 60476 | Depths:2 | Noticed a juggernaut
 60485 | Depths:2 | Killed a juggernaut
 60763 | Depths:2 | Identified the +8 long sword of Eseuf {vorpal, rElec rN++
                  | SInv}
 60872 | Depths:2 | Identified the +4 dagger "Iram" {protect, Contam *Corrode
                  | rElec rPois}
 61071 | Depths:2 | Reached skill level 1 in Dodging
 62181 | Depths:3 | Got the Codex of Graupel and Superposition
 62213 | Depths:3 | Found a burning altar of Makhleb.
 62377 | Depths:3 | Identified the +3 quick blade of Disembowelment {vamp,
                  | +Blink}
 62473 | Depths:3 | Reached skill level 5 in Dodging
 62850 | Depths:4 | Found a stormy altar of Qazlal.
 63311 | Depths:4 | Noticed a juggernaut
 63318 | Depths:4 | Killed a juggernaut
 63470 | Depths:4 | Found a gate to the Realm of Zot.
 64475 | Slime:1  | Entered Level 1 of the Pits of Slime
 64832 | Slime:1  | Reached XP level 25. HP: 252/257 MP: 18/22
 67783 | Slime:5  | Entered Level 5 of the Pits of Slime
 67828 | Slime:5  | Noticed the Royal Jelly
 67838 | Slime:5  | Killed the Royal Jelly
 67890 | Slime:5  | Reached skill level 10 in Dodging
 68121 | Slime:5  | Got the Lectures on Necromancy
 68161 | Slime:5  | Identified the +6 hand axe "Ytock" {spect, rF- rC+ rN+
                  | SInv}
 68229 | Slime:5  | Identified the ring of Dodwoan {Ice rElec}
 68257 | Slime:5  | Got a slimy rune of Zot
 68259 | Slime:5  | Got the Vellum of the Nimbus
 69112 | Hell     | Entered the Vestibule of Hell
 69112 | Hell     | Noticed Geryon
 69114 | Hell     | Noticed Murray
 69321 | Depths:2 | Killed Murray
 69968 | Hell     | Killed Geryon
 70530 | Hell     | Found a gateway to the Iron City of Dis.
 70615 | Hell     | Found a gateway to the decaying netherworld of Tartarus.
 70696 | Hell     | Found a gateway to the ashen valley of Gehenna.
 70765 | Hell     | Found a gateway to the freezing wastes of Cocytus.
 71171 | Zot:1    | Entered Level 1 of the Realm of Zot
 72471 | Zot:2    | Reached skill level 27 in Armour
 72813 | Zot:2    | Reached skill level 27 in Shields
 73613 | Zot:3    | Reached XP level 26. HP: 254/266 MP: 17/22
 73707 | Zot:3    | Reached skill level 15 in Evocations
 74135 | Zot:3    | Identified the +6 arbalest of Chance {speed, rPois rC+}
 74730 | Zot:4    | Reached skill level 15 in Dodging
 74749 | Zot:4    | Noticed Grunn
 74757 | Zot:4    | Killed Grunn
 77540 | Zot:5    | Entered Level 5 of the Realm of Zot
 77583 | Zot:5    | Found the +4 dragonskin cloak
 77583 | Zot:5    | Noticed Tiamat
 77896 | Zot:5    | Noticed an ancient lich
 77903 | Zot:5    | Your ally Tiamat died
 77909 | Zot:5    | Noticed an orb of fire
 77913 | Zot:5    | Noticed an orb of fire
 77913 | Zot:5    | Noticed an orb of fire
 77919 | Zot:5    | Noticed an orb of fire
 77921 | Zot:5    | Gained mutation: You do not regenerate when monsters are
                  | visible. [an orb of fire]
 77923 | Zot:5    | Noticed an orb of fire
 77934 | Zot:5    | Killed an orb of fire
 77947 | Zot:5    | Noticed a dread lich
 77951 | Zot:5    | Killed an ancient lich
 77957 | Zot:5    | Noticed an orb of fire
 77966 | Zot:5    | Noticed an orb of fire
 77967 | Zot:5    | Reached XP level 27. HP: 156/273 MP: 0/22
 77979 | Zot:5    | Noticed an orb of fire
 77998 | Zot:5    | Killed an orb of fire
 77998 | Zot:5    | Killed a dread lich
 78629 | Zot:5    | Got the Orb of Zot
 78973 | Depths:4 | Noticed Huobul the pandemonium lord
 79014 | Depths:4 | Killed Huobul the pandemonium lord
 79047 | Depths:4 | Noticed Hugoagh the pandemonium lord
 79150 | Depths:3 | Killed Hugoagh the pandemonium lord
 79699 | D:$      | Escaped with the Orb!

Illustrated notes

Levels and vault maps discovered:
D:1:      psy_arrival_radial02, layout_basic,
          hellmonk_ecumenical_altar_crossroads, chequers_jeans
D:2:      layout_basic, uniq_robin
D:3:      layout_basic
D:4:      layout_gridville, nicolae_shop_self_help
D:5:      layout_rooms, kennysheep_orc_sif_temple,
          gammafunk_temple_overflow_wave, minmay_temple_entry_offerings,
          serial_glass, glass_columns_a, glass_columns_c, glass_columns_a,
          glass_columns_a, glass_columns_b, glass_columns_a, glass_columns_a,
          glass_columns_a
D:6:      layout_basic, gammafunk_temple_overflow_statue, gammafunk_ghost_icy,
          cheibrodos_sewer_entry_bend, minmay_misc_feat_more_columns,
          minmay_fountain_box, hangedman_decor_points, uniq_maggie
D:7:      hellmonk_crumbling_castle, layout_rooms, overflow_temple_1_default,
          mainiacjoe_overflow_alcove_4, nicolae_hepliaklqana_ecumenical_no_more,
          chequers_serial_rivers_room_b
D:8:      layout_cave_pools, trog_wizard, fiery_altar_vehumet,
          kennysheep_slug_shrine, serial_demonic, serial_demonic_a,
          serial_demonic_a, serial_demonic_b, serial_demonic_g,
          nicolae_fountain_basement
D:9:      layout_stronghold, erik_orc_3, serial_shops, kennysheep_mini,
          grunt_potential
D:10:     layout_roguey, dpeg_oklobed_lair,
          hellmonk_guarded_unrand_staff_of_battle, uniq_urug
D:11:     layout_basic
D:12:     due_megacathedral, layout_rooms, grunt_ministairs_13,
          amcnicky_mini_pool_small, kennysheep_potato
D:13:     layout_irregular_city, lightli_vaults_fourway_checkpoint
D:14:     layout_rooms, enter_trove_0, serial_bayou_lagoon_a,
          minmay_misc_feat_nine_boxes
D:15:     grunt_enter_depths_giant_problem, layout_basic, special_room
          [special_room_orc], nicolae_wu_jian_immortal_techniques,
          evilmike_butchery
Temple:   hellmonk_temple_of_storms
Lair:1:   layout_roguey, gauntlet_entry_generic, st_stairs_6, wad_woods_road_06,
          beast_lair_carwin_3, serial_bayou_shore_b
Lair:2:   layout_cellular_growth, elwin_shoals_entry_rooms,
          spider_nest_entry_webs, beast_lair_carwin_8, serial_bayou_shore_b,
          grunt_megastairs_4, infiniplex_staircase_pool, serial_bayou_shore_a,
          lemuel_fruit_tree, uniq_sonja
Lair:3:   layout_chaotic_city, maelrawn_ghost_gauntlet_escape, st_stairs_13,
          lemuel_oklob_altar, grunt_megastairs_3, uniq_gastronok
Lair:4:   layout_small_grid
Lair:5:   evilmike_catoblepas_cave, layout_long_grid, slime_entry_1,
          nicolae_lair_yak_garden
Shoals:1: layout_shoals, st_cyclops, uniq_louise
Shoals:2: layout_shoals, argonaut_gorgonesque, uniq_ilsuiw
Shoals:3: layout_shoals
Shoals:4: shoals_end_grunt_ice, layout_shoals, serial_shops, shop_statue,
          nicolae_shop_gadgets, uniq_mlioglotl
Spider:1: gammafunk_boulding_lane
Spider:2: layout_spider_delve, nicolae_spider_orb_run
Spider:3: layout_cave_pods, gammafunk_ghost_split, beargit_elvish_explorers
Spider:4: spider_rune_water, guppyfry_spider_mini_2
Slime:1:  layout_caves, nicolae_slime_barrier
Slime:2:  nicolae_slime_jelly_donut, layout_caves, nicolae_slime_phagocytosis
Slime:3:  layout_caves, nicolae_slime_welcoming_committee
Slime:4:  layout_caves, cheibrodos_slime_lost_civilization_4
Slime:5
Orc:1:    layout_diamond_mine, uniq_snorg
Orc:2:    st_orc_open, layout_diamond_mine, serial_shops, shop,
          dreamdust_deal_with_the_devil
Elf:1:    eino_elf_arrival_sip, layout_geoelf_octagon, minmay_elf_necromancy,
          minmay_shoptagon
Elf:2:    nicolae_elf_blades_crystal_corner, layout_geoelf_diagonals
Elf:3:    minmay_elf_hall_curves, layout_gridlike
Vaults:1: v_pattern_5, nicolae_vaults_big_angled_halls,
          nicolae_vaults_little_squares_3, nicolae_vaults_shelves_hall,
          nicolae_vaults_windows_and_doors_thing, v_misc_15,
          vaults_mumra_chevron_long, ontoclasm_vaults_spin,
          hangedman_vaults_capsules, grunt_vaults_hallway_short,
          vaults_mumra_minichess_inversion, v_misc_25, v_misc_29,
          layout_vaults_ring
Vaults:2: portal_desolation_entry_holy_temple, minmay_crypt_entry_simple_round,
          nicolae_vaults_little_squares_5, v_misc_30, ontoclasm_vaults_hangar,
          hangedman_vaults_stretched_pinwheel, grunt_vaults_funnel,
          nicolae_vaults_little_squares_3, nicolae_vaults_angled_halls,
          gammafunk_sealed_arena, vaults_dpeg_spiral,
          nicolae_vaults_big_angled_halls, vaults_mumra_minichess,
          grunt_vaults_swirl, ontoclasm_vaults_fault, v_misc_3,
          layout_vaults_omnibox, serial_shops, shop
Vaults:3: nicolae_vaults_network_star, v_misc_19, v_misc_19,
          layout_vaults_omnigrid
Vaults:4: v_misc_27, nicolae_vaults_network_periphery, v_alt_pattern_1,
          hangedman_vaults_restitches, serial_ice_h, vaults_room_fours,
          nicolae_vaults_sealed_display, layout_vaults_big_room, serial_shops,
          nicolae_square_shop, uniq_margery
Vaults:5
Crypt:1:  layout_misc_corridors
Crypt:2:  layout_misc_corridors, grunt_ministairs_15, evilmike_ambush
          [evilmike_ambush_outer_basic, evilmike_ambush_inner_wall_2],
          grunt_megastairs_2, lemuel_upstairs_altar, uniq_josephina
Crypt:3:  lightli_unholy_cathedral, layout_chaotic_city, uniq_saint_roka
Depths:1: layout_basic, hellmouth_2, nicolae_rock_paper_scissors,
          infiniplex_staircase_pool_lava, uniq_mara
Depths:2: box_level_dp, pan_entry, hell_entry
Depths:3: evilmike_makhleb_hellhole, layout_cave_shapes,
          minmay_stone_trees_medium, abyss_entry_crystal, pf_coc_iceberg
Depths:4: grunt_twist_and_shout, layout_basic, enter_ziggurat_f,
          hangedman_geh_valley, nicolae_qazlal_general_emergency,
          gammafunk_ghost_grave
Hell
Zot:1:    nicolae_moth_party, layout_basic
Zot:2:    layout_onion_interference
Zot:3:    layout_misc_corridors
Zot:4:    layout_gridlike, bh_zot_levy_curve, uniq_grunn
Zot:5:    layout_misc_corridors, uniq_tiamat

Skill      XL: |  1  2  3  4  5  6  7  8  9 10 11 12 13 14 15 16 17 18 19 20 21 22 23 24 25 26 27 |
---------------+----------------------------------------------------------------------------------+-----
Shields        | 4 5 6 7 8 10 11 12 13 15 16 17 18 19 20 21 22 23 24 25 27 | 27.0
Armour         | 4 5 6 7 8 10 11 12 13 15 16 17 18 19 20 21 22 23 24 26 27 | 27.0
Fighting       | 4 5 6 7 8 10 11 12 13 15 16 17 18 19 21 23 24 26 27 | 27.0
Axes           | 3 4 5 7 11 13 16 17 19 20 22 23 24 26 27 | 27.0
Evocations     | 3 6 8 10 12 14 17 18 | 18.6
Dodging        | 8 14 18 19 | 19.5

Action                   |  1- 3 |  4- 6 |  7- 9 | 10-12 | 13-15 | 16-18 | 19-21 | 22-24 | 25-27 || total
-------------------------+-------+-------+-------+-------+-------+-------+-------+-------+-------++-------
Melee: War axe           |    75 |    21 |       |       |       |       |       |       |       ||    96
       Headbutt          |     8 |    13 |    26 |   109 |   213 |   329 |   298 |   445 |   320 ||  1761
       Broad axe         |       |    71 |   182 |   460 |   826 |  1354 |  1021 |  1430 |   959 ||  6303
Invok: Potion Petition   |       |       |       |     1 |       |       |       |       |    10 ||    11
       Call Merchant     |       |       |       |       |       |     3 |       |       |     1 ||     4
       Bribe Branch      |       |       |       |       |       |       |     1 |       |     4 ||     5
Evoke: Wand              |       |       |       |       |       |     6 |       |       |       ||     6
       Box of beasts     |       |       |       |       |       |     1 |       |       |       ||     1
       Condenser vane    |       |       |       |       |       |       |     1 |     1 |     2 ||     4
       Tin of tremorston |       |       |       |       |       |       |     1 |     1 |     1 ||     3
       Phial of floods   |       |       |       |       |       |       |       |     1 |       ||     1
       Horn of Geryon    |       |       |       |       |       |       |       |       |     2 ||     2
       Phantom mirror    |       |       |       |       |       |       |       |       |     2 ||     2
  Use: Scroll            |       |     2 |    14 |     6 |    10 |    20 |    10 |     9 |    14 ||    85
       Potion            |       |       |     2 |     2 |     1 |    10 |     3 |    10 |    27 ||    55
 Stab: Invisible         |       |       |     1 |       |       |       |       |    11 |    13 ||    25
       Distracted        |       |       |       |     1 |    16 |    30 |    14 |    29 |    19 ||   109
       Petrified         |       |       |       |       |     3 |       |       |       |       ||     3
       Confused          |       |       |       |       |       |       |     1 |       |       ||     1
Armor: Scale mail        |    41 |    37 |       |       |       |       |       |       |       ||    78
       Chain mail        |       |     2 |    98 |    14 |       |       |       |       |       ||   114
       Plate armour      |       |       |       |   122 |   288 |   692 |   209 |       |       ||  1311
       Crystal plate arm |       |       |       |       |       |       |   152 |   470 |   410 ||  1032
Dodge: Dodged            |    41 |    35 |    29 |    45 |   101 |   189 |   121 |   147 |   288 ||   996
Block: Buckler           |    14 |    13 |       |       |       |       |       |       |       ||    27
       Tower shield      |       |    13 |   150 |   268 |   594 |  1191 |   869 |   989 |   974 ||  5048
